[Event "ICC tourney 1921 (15 5)"]
[Site "Internet Chess Club"]
[Date "2020.07.17"]
[Round "1"]
[White "erickzhao"]
[Black "Senmeesin"]
[Result "1-0"]
[ICCResult "Black checkmated"]
[WhiteElo "1325"]
[BlackElo "1241"]
[Opening "Ruy Lopez: 5.O-O"]
[ECO "C78"]
[NIC "RL.12"]
[Time "12:08:13"]
[TimeControl "900+5"]

1. e4 e5 2. Nf3 Nc6 3. Bb5 a6 4. Ba4 Nf6 5. O-O b5 6. Bb3 Be7 7. c3 d6 8. d4
exd4 9. cxd4 O-O 10. Re1 Bb7 11. Nc3 Nb8 12. Bg5 Nbd7 13. e5 Ne8 14. Bxe7
Qxe7 15. e6 fxe6 16. Rxe6 Qf7 17. Re7 d5 18. Rxf7 Kxf7 19. Nxd5 c6 20. Nb6+
Kg6 21. Nh4+ Kh6 22. Nxd7 Kg5 23. f4+ Kh6 24. Nxf8 Nf6 25. Nf5#
{Black checkmated}
1-0

[Event "ICC tourney 1921 (15 5)"]
[Site "Internet Chess Club"]
[Date "2020.07.17"]
[Round "1"]
[White "Kfprasanna"]
[Black "cruiseship"]
[Result "0-1"]
[ICCResult "White checkmated"]
[WhiteElo "1363"]
[BlackElo "1186"]
[Opening "Giuoco Piano"]
[ECO "C54"]
[NIC "IG.02"]
[Time "12:08:28"]
[TimeControl "900+5"]

1. e4 e5 2. Nf3 Nc6 3. Bc4 Bc5 4. c3 Nf6 5. d4 exd4 6. cxd4 Bb4+ 7. Bd2
Bxd2+ 8. Nbxd2 d5 9. exd5 Nxd5 10. O-O O-O 11. Nb3 Bg4 12. h3 Bh5 13. g4 Bg6
14. Bxd5 Qxd5 15. Nh2 Rad8 16. Nf3 Be4 17. Nfd2 Bg2 18. Re1 Bxh3 19. Qe2
Qg2# {White checkmated} 0-1

[Event "ICC tourney 1921 (15 5)"]
[Site "Internet Chess Club"]
[Date "2020.07.17"]
[Round "1"]
[White "Oliver0731"]
[Black "avaanc"]
[Result "0-1"]
[ICCResult "White resigns"]
[WhiteElo "1482"]
[BlackElo "1546"]
[Opening "Sicilian: Hungarian variation"]
[ECO "B27"]
[NIC "SI.43"]
[Time "12:08:35"]
[TimeControl "900+5"]

1. e4 c5 2. Nf3 g6 3. d4 cxd4 4. Qxd4 Nf6 5. e5 Nc6 6. Qc3 Nd5 7. Qb3 Nb6 8.
a4 d6 9. exd6 Bg7 10. dxe7 Qxe7+ 11. Be3 Be6 12. c4 Qb4+ 13. Qxb4 Nxb4 14.
Bd3 Nxd3+ 15. Kd2 Nxb2 16. Ra2 N6xc4+ 17. Kc2 Nxe3+ 18. fxe3 Rc8+ 19. Kd2
Bxa2 {White resigns} 0-1

[Event "ICC tourney 1921 (15 5)"]
[Site "Internet Chess Club"]
[Date "2020.07.17"]
[Round "1"]
[White "jnkut"]
[Black "piplup0621"]
[Result "0-1"]
[ICCResult "White resigns"]
[WhiteElo "1563"]
[BlackElo "1377"]
[Opening "Caro-Kann: Panov-Botvinnik attack, 5...e6"]
[ECO "B14"]
[NIC "CK.03"]
[Time "12:08:22"]
[TimeControl "900+5"]

1. e4 c6 2. d4 d5 3. exd5 cxd5 4. c4 Nf6 5. Nc3 e6 6. Nf3 Be7 7. Be2 dxc4 8.
Bxc4 O-O 9. O-O b6 10. Bf4 Bb7 11. Rc1 Nc6 12. Qd2 Nb4 13. Rfd1 Bxf3 14.
gxf3 Nfd5 15. Nxd5 Nxd5 16. Bg3 h5 17. Bxd5 Qxd5 18. Qf4 Bg5 19. Qe5 Qxe5
20. dxe5 Bxc1 21. Rxc1 Rac8 {White resigns} 0-1

[Event "ICC tourney 1921 (15 5)"]
[Site "Internet Chess Club"]
[Date "2020.07.17"]
[Round "1"]
[White "kralj8"]
[Black "laiaswaminathan"]
[Result "1-0"]
[ICCResult "Black resigns"]
[WhiteElo "1718"]
[BlackElo "1375"]
[Opening "Ruy Lopez: Morphy defense"]
[ECO "C77"]
[NIC "RL.12"]
[Time "12:08:10"]
[TimeControl "900+5"]

1. e4 e5 2. Nf3 Nc6 3. Bb5 a6 4. Ba4 Nf6 5. d4 Bd6 6. Bxc6 dxc6 7. dxe5 Nxe4
8. exd6 Nxd6 9. O-O O-O 10. Nc3 Bg4 11. h3 Bh5 12. Qd3 Bg6 13. Qe2 Re8 14.
Be3 Bh5 15. Rad1 Qe7 16. Rfe1 Qf6 17. g4 Bg6 18. Nd4 Nb5 19. Ncxb5 axb5 20.
a3 Rad8 21. Qf3 Qxf3 22. Nxf3 Bxc2 23. Rxd8 Rxd8 24. Re2 Rd1+ 25. Kg2 Ba4
26. Rd2 h6 27. Rxd1 Bxd1 28. Kg3 Bxf3 29. Kxf3 Kh7 30. Kf4 Kg6 31. h4 Kf6
32. g5+ hxg5+ 33. hxg5+ Ke6 34. Ke4 b6 35. f4 c5 36. f5+ Ke7 37. Ke5 g6 38.
fxg6 fxg6 39. Bf2 Kf7 40. Kd5 Ke7 41. Kc6 Ke6 42. Kxc7 Kf5 43. Be3 Ke4 44.
Bc1 Kd3 45. Kxb6 Kc2 46. Kxb5 Kxc1 47. Kxc5 Kd2 48. a4 {Black resigns} 1-0

[Event "ICC tourney 1921 (15 5)"]
[Site "Internet Chess Club"]
[Date "2020.07.17"]
[Round "1"]
[White "WCCJCS"]
[Black "saikolli"]
[Result "1-0"]
[ICCResult "Black resigns"]
[WhiteElo "1566"]
[BlackElo "1497"]
[Opening "French: Winawer, advance, 5.a3"]
[ECO "C17"]
[NIC "FR.10"]
[Time "12:08:28"]
[TimeControl "900+5"]

1. e4 e6 2. d4 d5 3. Nc3 Bb4 4. e5 c5 5. a3 Ba5 6. Nf3 Qc7 7. Bb5+ Bd7 8.
Bxd7+ Nxd7 9. Be3 Rc8 10. O-O Ne7 11. Nb5 Qb6 12. Nd6+ Kf8 13. Nxc8 Nxc8 14.
dxc5 Qxb2 15. Bd4 Qb5 16. Rb1 Qc6 17. Qd3 Nxc5 18. Bxc5+ Qxc5 19. Rb5 Qc7
20. Rfb1 b6 21. Nd4 Qc3 22. Qxc3 Bxc3 23. Nc6 Ke8 24. R1b3 Bd2 25. Rd3 Bh6
26. h4 g6 27. c4 Kd7 28. cxd5 exd5 29. Nb4 Bg7 30. Rbxd5+ Ke6 31. f4 h6 32.
g4 g5 33. f5+ Ke7 34. f6+ {Black resigns} 1-0

[Event "ICC tourney 1921 (15 5)"]
[Site "Internet Chess Club"]
[Date "2020.07.17"]
[Round "1"]
[White "saisneha"]
[Black "ChessHawk8"]
[Result "0-1"]
[ICCResult "White resigns"]
[WhiteElo "1543"]
[BlackElo "1582"]
[Opening "QGD: exchange, positional line, 6.Qc2"]
[ECO "D36"]
[NIC "QO.16"]
[Time "12:08:26"]
[TimeControl "900+5"]

1. d4 e6 2. c4 d5 3. Nc3 Nf6 4. cxd5 exd5 5. Bg5 c6 6. Qc2 Be7 7. e3 O-O 8.
Bd3 h6 9. Bh4 Nbd7 10. Nf3 b6 11. O-O Bb7 12. a3 c5 13. dxc5 bxc5 14. Rad1
d4 15. exd4 Bxf3 16. gxf3 cxd4 17. Nb5 Ne5 18. Qe2 {White resigns} 0-1

[Event "ICC tourney 1921 (15 5)"]
[Site "Internet Chess Club"]
[Date "2020.07.17"]
[Round "1"]
[White "otcm"]
[Black "VincentT2008"]
[Result "0-1"]
[ICCResult "White checkmated"]
[WhiteElo "1045"]
[BlackElo "1295"]
[Opening "King's Indian: Kramer system"]
[ECO "E70"]
[NIC "KI.31"]
[Time "12:08:22"]
[TimeControl "900+5"]

1. d4 Nf6 2. c4 g6 3. Nc3 Bg7 4. e4 d6 5. Nge2 O-O 6. Ng3 e5 7. d5 Nbd7 8.
Be2 Nc5 9. h4 h5 10. Bg5 a5 11. a4 Qe8 12. b3 Nh7 13. Be3 f5 14. exf5 gxf5
15. Nxh5 f4 16. Nxg7 Kxg7 17. Bd2 Qg6 18. Bf3 Nf6 19. h5 Nd3+ 20. Ke2 Qh7
21. h6+ Kh8 22. Kf1 e4 23. Be2 e3 24. Bxe3 fxe3 25. Bxd3 Bf5 26. Bxf5 Qxf5
27. f3 Rae8 28. Qe2 Nh5 29. Qe1 Qe5 30. Ne2 Rg8 31. Rc1 Ref8 32. Qh4 Ng3+
33. Nxg3 Rxg3 34. Ke2 Qb2+ 35. Kxe3 Re8+ 36. Kf4 Qe5# {White checkmated} 0-1

[Event "ICC tourney 1921 (15 5)"]
[Site "Internet Chess Club"]
[Date "2020.07.17"]
[Round "1"]
[White "brilliantnessme"]
[Black "magmamaster"]
[Result "1-0"]
[ICCResult "Black checkmated"]
[WhiteElo "1630"]
[BlackElo "1350"]
[Opening "Caro-Kann: advance variation"]
[ECO "B12"]
[NIC "CK.02"]
[Time "12:08:15"]
[TimeControl "900+5"]

1. e4 c6 2. d4 d5 3. e5 c5 4. dxc5 e6 5. Nf3 Bxc5 6. a3 Nc6 7. b4 Bb6 8. Bb2
Nge7 9. Nbd2 O-O 10. Bd3 Ng6 11. g3 Qc7 12. Qe2 Bd7 13. O-O Rac8 14. c4 a6
15. c5 Ba7 16. Nb3 Bb8 17. Rae1 Nge7 18. Bxh7+ Kh8 19. Bd3 Nf5 20. Nfd4
Ncxd4 21. Nxd4 Rfe8 22. Nxf5 exf5 23. f4 f6 24. Qh5+ Kg8 25. exf6 Be6 26.
fxg7 Re7 27. Rxe6 Rxe6 28. Bxf5 Ree8 29. Bh7# {Black checkmated} 1-0

[Event "ICC tourney 1921 (15 5)"]
[Site "Internet Chess Club"]
[Date "2020.07.17"]
[Round "1"]
[White "chessmaster0981"]
[Black "hollyelf"]
[Result "0-1"]
[ICCResult "White checkmated"]
[WhiteElo "1344"]
[BlackElo "1627"]
[Opening "Queen's pawn game"]
[ECO "D04"]
[NIC "QP.08"]
[Time "12:08:07"]
[TimeControl "900+5"]

1. d4 d5 2. Nf3 Nf6 3. e3 Bg4 4. Bd3 e6 5. Nbd2 c5 6. b3 Nc6 7. Bb2 cxd4 8.
exd4 Bd6 9. O-O O-O 10. Qe1 Nb4 11. Qe3 Nxd3 12. Qxd3 Bf5 13. Qe2 Bxc2 14.
Ne5 Bg6 15. f4 Bxe5 16. dxe5 Ne4 17. Nxe4 Bxe4 18. Rac1 Qe7 19. Bd4 b6 20.
Qb5 Rac8 21. Bc3 Qa3 22. Bb4 Qb2 23. Rc6 Qxg2# {White checkmated} 0-1

[Event "ICC tourney 1921 (15 5)"]
[Site "Internet Chess Club"]
[Date "2020.07.17"]
[Round "1"]
[White "combusken1123"]
[Black "inbha"]
[Result "0-1"]
[ICCResult "White checkmated"]
[WhiteElo "1340"]
[BlackElo "1499"]
[Opening "Giuoco Piano"]
[ECO "C54"]
[NIC "IG.02"]
[Time "12:08:14"]
[TimeControl "900+5"]

1. e4 e5 2. Nf3 Nc6 3. Bc4 Bc5 4. c3 Nf6 5. d4 exd4 6. cxd4 Bb4+ 7. Bd2
Bxd2+ 8. Nbxd2 d6 9. O-O O-O 10. Re1 Bg4 11. Qa4 Re8 12. Bd3 Qd7 13. Rac1
Rad8 14. b3 Nh5 15. Bb5 Nf4 16. d5 Bxf3 17. gxf3 Re5 18. dxc6 bxc6 19. Rxc6
Qh3 20. Bf1 Rg5+ 21. Kh1 Rg2 22. Rxd6 Qxh2# {White checkmated} 0-1

[Event "ICC tourney 1921 (15 5)"]
[Site "Internet Chess Club"]
[Date "2020.07.17"]
[Round "1"]
[White "RockroyalChess"]
[Black "smashattack"]
[Result "1-0"]
[ICCResult "Black checkmated"]
[WhiteElo "1378"]
[BlackElo "1491"]
[Opening "Queen's pawn, Mason variation, Steinitz counter-gambit"]
[ECO "D00"]
[NIC "QP.08"]
[Time "12:08:26"]
[TimeControl "900+5"]

1. d4 d5 2. Bf4 c5 3. e3 Nc6 4. c3 Nf6 5. Nd2 Bg4 6. Ngf3 e6 7. Bd3 Be7 8.
O-O O-O 9. a4 Nh5 10. Bg3 Nxg3 11. hxg3 Bf6 12. dxc5 e5 13. e4 d4 14. Bb5
Re8 15. cxd4 exd4 16. Bxc6 bxc6 17. b4 Qe7 18. Re1 Be5 19. Qb3 Rad8 20. Nc4
Bxf3 21. gxf3 Qg5 22. Nxe5 Qxe5 23. Rad1 Rd7 24. Rd3 Red8 25. Red1 a5 26.
Qc4 axb4 27. Qxb4 h6 28. Qb6 Rc8 29. a5 f5 30. exf5 Qxf5 31. Kg2 Rd5 32.
Rxd4 Rxc5 33. Rd8+ Rxd8 34. Rxd8+ Kh7 35. Qb8 Rxa5 36. Rh8+ Kg6 37. Qe8+ Kg5
38. f4+ Kf6 39. Rf8# {Black checkmated} 1-0

[Event "ICC tourney 1921 (15 5)"]
[Site "Internet Chess Club"]
[Date "2020.07.17"]
[Round "1"]
[White "Pinkqueens"]
[Black "winner08"]
[Result "1-0"]
[ICCResult "Black forfeits on time"]
[WhiteElo "1587"]
[BlackElo "1661"]
[Opening "Ruy Lopez: Anderssen variation"]
[ECO "C77"]
[NIC "RL.12"]
[Time "12:08:23"]
[TimeControl "900+5"]

1. e4 e5 2. Nf3 Nc6 3. Bb5 a6 4. Ba4 Nf6 5. d3 b5 6. Bb3 Be7 7. Be3 d6 8. c3
Nb8 9. Nbd2 Nbd7 10. Nf1 Bb7 11. Ng3 O-O 12. O-O h6 13. h3 Re8 14. Qd2 Kh7
15. Bxf7 Rf8 16. Bb3 d5 17. exd5 Nxd5 18. Bc2 Kh8 19. d4 Nxe3 20. Qxe3 Bxf3
21. gxf3 exd4 22. cxd4 Bg5 23. Qd3 Nf6 24. Nh5 Kg8 25. Qg6 Qd7 26. Rae1 Nxh5
27. Qh7+ Kf7 28. Bg6+ Kf6 29. Bxh5 Qf5 30. Qxf5+ Kxf5 31. Re5+ Kf6 32. Rfe1
Bf4 33. Re6+ Kg5 34. Bg4 {Black forfeits on time} 1-0

[Event "ICC tourney 1921 (15 5)"]
[Site "Internet Chess Club"]
[Date "2020.07.17"]
[Round "1"]
[White "shankar09"]
[Black "coolbaja"]
[Result "0-1"]
[ICCResult "White checkmated"]
[WhiteElo "1434"]
[BlackElo "1428"]
[Opening "Two knights defense"]
[ECO "C55"]
[NIC "IG.01"]
[Time "12:08:36"]
[TimeControl "900+5"]

1. e4 e5 2. Nf3 Nc6 3. Bc4 Nf6 4. O-O Be7 5. d3 O-O 6. Nc3 d6 7. h3 Be6 8.
Bxe6 fxe6 9. Be3 Nh5 10. Nxe5 Nxe5 11. Qxh5 g6 12. Qe2 Bf6 13. Rad1 Nf7 14.
d4 e5 15. d5 Qe7 16. Rfe1 g5 17. Qg4 Nh6 18. Qe6+ Qxe6 19. dxe6 Rfe8 20. Nd5
Bd8 21. e7 Bxe7 22. Nxc7 Rac8 23. Nxe8 Rxe8 24. a3 a6 25. h4 Nf7 26. hxg5
Rc8 27. c3 Kg7 28. f4 exf4 29. Bxf4 Rc6 30. e5 dxe5 31. Bxe5+ Kg6 32. Bf6
Bc5+ 33. Kh1 Nxg5 34. Bxg5 Kxg5 35. Rd7 Rh6# {White checkmated} 0-1

[Event "ICC tourney 1921 (15 5)"]
[Site "Internet Chess Club"]
[Date "2020.07.17"]
[Round "1"]
[White "funplaychess"]
[Black "Ananya22609"]
[Result "1-0"]
[ICCResult "Black resigns"]
[WhiteElo "1779"]
[BlackElo "1394"]
[Opening "QGD semi-Slav: 5.e3"]
[ECO "D45"]
[NIC "SL.08"]
[Time "12:08:17"]
[TimeControl "900+5"]

1. d4 d5 2. c4 c6 3. Nf3 Nf6 4. Nc3 e6 5. e3 Bd6 6. Qc2 O-O 7. Bd3 Nbd7 8.
O-O dxc4 9. Bxc4 e5 10. Bb3 exd4 11. exd4 Nb6 12. Bg5 h6 13. Bh4 Be7 14.
Rfe1 Nbd5 15. Ne5 Be6 16. Ng6 fxg6 17. Rxe6 Qd7 18. Rae1 Rae8 19. Nxd5 cxd5
20. Qxg6 Qc8 21. Bxf6 Rxf6 22. Rxf6 Bxf6 23. Qxe8+ Qxe8 24. Rxe8+ Kf7 25.
Rb8 Bxd4 26. Rxb7+ Ke6 27. Kf1 Bxb2 28. Bxd5+ Kxd5 29. Rxb2 {Black resigns}
1-0

[Event "ICC tourney 1921 (15 5)"]
[Site "Internet Chess Club"]
[Date "2020.07.17"]
[Round "1"]
[White "woodychess"]
[Black "Frankiechess11"]
[Result "0-1"]
[ICCResult "White checkmated"]
[WhiteElo "1554"]
[BlackElo "1450"]
[Opening "QGD: exchange, positional line"]
[ECO "D35"]
[NIC "QO.16"]
[Time "12:08:22"]
[TimeControl "900+5"]

1. d4 d5 2. c4 e6 3. Nc3 Nf6 4. cxd5 exd5 5. Bg5 Nbd7 6. e3 c6 7. Bd3 Bd6 8.
Qc2 h6 9. Bh4 O-O 10. Nf3 Re8 11. O-O g5 12. Bg3 Bxg3 13. hxg3 Ng4 14. b4
Ndf6 15. b5 Bd7 16. bxc6 Bxc6 17. Rab1 Ne4 18. Bxe4 dxe4 19. Nh2 Nxh2 20.
Kxh2 Bd5 21. Rfc1 Qd7 22. Qb2 b6 23. Qa3 Bb7 24. Nb5 Bc6 25. Nd6 Red8 26.
Nc4 f6 27. Qb4 Rac8 28. Ra1 h5 29. a4 Kg7 30. a5 b5 31. Nd2 Kg6 32. Rc5 h4
33. gxh4 Rh8 34. Rh1 Rxh4+ 35. Kg1 Rxh1+ 36. Kxh1 Rh8+ 37. Kg1 Qh7 38. Kf1
Qh1+ 39. Ke2 Bd7 40. Nxe4 Bg4+ 41. Kd3 Qd1+ 42. Nd2 Be2+ 43. Ke4 Qh1 44. Rc6
Qxg2+ 45. f3 Re8+ 46. Kd5 Bxf3+ 47. Nxf3 Qxf3+ 48. Kc5 Rxe3 49. Qb1+ Rd3 50.
Kxb5 Qd5+ 51. Kb4 Qxd4+ 52. Rc4 Qd6+ 53. Rc5 Qb8+ 54. Rb5 Qf4+ 55. Kc5 Qd6+
56. Kc4 Qd4# {White checkmated} 0-1

[Event "ICC tourney 1921 (15 5)"]
[Site "Internet Chess Club"]
[Date "2020.07.17"]
[Round "1"]
[White "raghuraja"]
[Black "che2468"]
[Result "1-0"]
[ICCResult "Black checkmated"]
[WhiteElo "1448"]
[BlackElo "1385"]
[Opening "QGD Slav defense"]
[ECO "D10"]
[NIC "SL.01"]
[Time "12:08:27"]
[TimeControl "900+5"]

1. d4 d5 2. c4 c6 3. Nc3 Nf6 4. e3 Bf5 5. Nf3 e6 6. Be2 Be7 7. O-O O-O 8. b3
Nbd7 9. Bb2 dxc4 10. Bxc4 Nb6 11. Bd3 Bxd3 12. Qxd3 Nbd5 13. Nxd5 cxd5 14.
Rac1 Rc8 15. Rxc8 Qxc8 16. Rc1 Qd7 17. Ne5 Qd6 18. Qc3 Nd7 19. Nxd7 Qxd7 20.
Qc7 Rd8 21. Qxd7 Rxd7 22. Rc8+ Bd8 23. Ba3 g6 24. Be7 Rxe7 25. Rxd8+ Kg7 26.
Rc8 Rd7 27. Kf1 Rd6 28. Rc7 Ra6 29. a4 Rb6 30. Rc3 Rc6 31. Rc5 Rxc5 32. dxc5
Kf6 33. Ke2 Ke7 34. Kd3 Kd7 35. Kd4 f6 36. f4 Kc6 37. b4 a6 38. h3 b6 39.
cxb6 Kxb6 40. e4 dxe4 41. Kxe4 Kc6 42. g4 h6 43. h4 f5+ 44. gxf5 exf5+ 45.
Ke5 Kb6 46. Kf6 g5 47. hxg5 hxg5 48. Kxg5 a5 49. b5 Kc5 50. Kxf5 Kb4 51. b6
Kxa4 52. b7 Ka3 53. b8=Q a4 54. Qb5 Ka2 55. Qxa4+ Kb2 56. Qc4 Ka3 57. Qb5
Ka2 58. Ke4 Ka3 59. Kd3 Ka2 60. Kc2 Ka1 61. Qb1# {Black checkmated} 1-0

[Event "ICC tourney 1921 (15 5)"]
[Site "Internet Chess Club"]
[Date "2020.07.17"]
[Round "1"]
[White "ChoppinHeadz"]
[Black "castle2king"]
[Result "1-0"]
[ICCResult "Black resigns"]
[WhiteElo "1483"]
[BlackElo "1317"]
[Opening "King's Indian: Sämisch, Byrne variation"]
[ECO "E81"]
[NIC "KI.54"]
[Time "12:08:17"]
[TimeControl "900+5"]

1. d4 Nf6 2. c4 g6 3. Nc3 Bg7 4. e4 d6 5. f3 O-O 6. Be3 c6 7. Bd3 a6 8. Nge2
b5 9. a3 Nbd7 10. O-O bxc4 11. Bxc4 Nb6 12. Ba2 d5 13. Rc1 dxe4 14. Nxe4
Nfd5 15. Bf2 Bd7 16. Rc5 f5 17. N4c3 e6 18. Nxd5 Nxd5 19. Bxd5 cxd5 20. Qc2
Rc8 21. b4 Bb5 22. Re1 Bc4 23. Nf4 e5 24. Ne6 Qf6 25. Nxf8 Rxf8 26. dxe5 Qe6
27. Rc7 Bxe5 28. Rxc4 dxc4 29. f4 Qd5 30. Rxe5 Qd3 31. Qxd3 cxd3 32. Rd5 Rc8
33. Bc5 Re8 34. Rxd3 Re1+ 35. Kf2 Ra1 36. Kf3 Rf1+ 37. Ke3 Re1+ 38. Kd4 Re4+
39. Kc3 Rxf4 40. a4 Rh4 41. h3 Rf4 42. b5 Rxa4 43. b6 Ra5 44. Kc4 Ra4+ 45.
Kd5 Ra5 46. b7 Rb5 47. Kc6 Kf7 48. Rd8 {Black resigns} 1-0

[Event "ICC tourney 1921 (15 5)"]
[Site "Internet Chess Club"]
[Date "2020.07.17"]
[Round "1"]
[White "DankMemer"]
[Black "Hrushichess"]
[Result "1-0"]
[ICCResult "Black resigns"]
[WhiteElo "1597"]
[BlackElo "1338"]
[Opening "French: exchange variation"]
[ECO "C01"]
[NIC "QO.17"]
[Time "12:08:14"]
[TimeControl "900+5"]

1. d4 e6 2. e4 d5 3. exd5 exd5 4. Nf3 Nc6 5. Bb5 Be6 6. O-O Bd6 7. Re1 Nf6
8. Ne5 Bxe5 9. dxe5 Nd7 10. f4 O-O 11. Nc3 Nb6 12. Qh5 a6 13. Bxc6 bxc6 14.
f5 g6 15. Qh6 Bxf5 16. Bg5 f6 17. exf6 Rf7 18. Re7 Rxe7 19. fxe7 Qe8 20. Rf1
Nd7 21. Rxf5 gxf5 22. Qe6+ Kg7 23. Bh6+ Kh8 24. Be3 c5 25. Nxd5 Rc8 26. Bd2
Qg6 27. Bc3+ {Black resigns} 1-0

[Event "ICC tourney 1921 (15 5)"]
[Site "Internet Chess Club"]
[Date "2020.07.17"]
[Round "1"]
[White "jvihaan"]
[Black "insatiable27"]
[Result "1-0"]
[ICCResult "Black checkmated"]
[WhiteElo "1307"]
[BlackElo "1251"]
[Opening "Giuoco Piano"]
[ECO "C54"]
[NIC "IG.02"]
[Time "12:08:37"]
[TimeControl "900+5"]

1. e4 e5 2. Nf3 Nc6 3. Bc4 Bc5 4. c3 Nf6 5. d4 exd4 6. cxd4 Bb4+ 7. Bd2
Bxd2+ 8. Nbxd2 d5 9. exd5 Nxd5 10. O-O O-O 11. Ne4 Bg4 12. Qd3 Ndb4 13. Qc3
Bxf3 14. Qxf3 Nc2 15. Rad1 N2xd4 16. Qe3 Re8 17. Qf4 Ne5 18. Rxd4 Qe7 19.
Nd2 Rad8 20. Re1 Rxd4 21. Qxd4 Qf6 22. Re3 h6 23. f4 Nf3+ 24. Nxf3 Rxe3 25.
Qxe3 Qxb2 26. Qe8+ Kh7 27. Bd3+ g6 28. Qxf7+ Kh8 29. Bxg6 Qb6+ 30. Kf1 Qb5+
31. Kf2 Qb2+ 32. Kg3 Qg7 33. Qe8+ Qg8 34. Qxg8+ Kxg8 35. Ne5 c5 36. Bd3 a6
37. Nd7 b5 38. Nxc5 Kg7 39. Nxa6 h5 40. Bxb5 h4+ 41. Kxh4 Kg6 42. Be8+ Kf5
43. g4+ Ke4 44. g5 Kf3 45. g6 Kg2 46. g7 Kh1 47. g8=Q Kxh2 48. Qg3+ Kh1 49.
Bc6# {Black checkmated} 1-0

[Event "ICC tourney 1921 (15 5)"]
[Site "Internet Chess Club"]
[Date "2020.07.17"]
[Round "1"]
[White "maglrashin"]
[Black "Ksadury"]
[Result "0-1"]
[ICCResult "White checkmated"]
[WhiteElo "1288"]
[BlackElo "1464"]
[Opening "Sicilian: dragon, Yugoslav attack, 10.O-O-O"]
[ECO "B78"]
[NIC "SI.18"]
[Time "12:08:25"]
[TimeControl "900+5"]

1. e4 c5 2. Nf3 d6 3. d4 cxd4 4. Nxd4 Nf6 5. Nc3 g6 6. Be3 Bg7 7. f3 O-O 8.
Qd2 Nc6 9. Bc4 Bd7 10. O-O-O Rc8 11. Bb3 Ne5 12. Kb1 Nc4 13. Bxc4 Rxc4 14.
h4 Qc7 15. h5 Nxh5 16. g4 Nf6 17. g5 Nh5 18. Rh2 Rc8 19. Nd5 Qd8 20. Rdh1 e6
21. Nf6+ Bxf6 22. gxf6 Qxf6 23. Qg2 Nf4 24. Qd2 e5 25. Rxh7 exd4 26. Bxf4
Rxc2 27. Rh8+ Qxh8 28. Rxh8+ Kxh8 29. Qxd4+ Kh7 30. Qxd6 Bb5 31. Qe7 Rc1+
32. Bxc1 Bd3+ 33. Ka1 Rxc1# {White checkmated} 0-1

[Event "ICC tourney 1921 (15 5)"]
[Site "Internet Chess Club"]
[Date "2020.07.17"]
[Round "1"]
[White "sswagatha"]
[Black "Kausy"]
[Result "0-1"]
[ICCResult "White forfeits on time"]
[WhiteElo "1364"]
[BlackElo "1692"]
[Opening "Giuoco Piano"]
[ECO "C54"]
[NIC "IG.02"]
[Time "12:08:27"]
[TimeControl "900+5"]

1. e4 e5 2. Nf3 Nc6 3. Bc4 Bc5 4. c3 Nf6 5. d4 exd4 6. cxd4 Bb4+ 7. Bd2
Bxd2+ 8. Nbxd2 d5 9. exd5 Nxd5 10. O-O O-O 11. Re1 Nf6 12. Qe2 Nxd4 13. Nxd4
Qxd4 14. Nf3 Qb6 15. Ne5 Be6 16. Bd3 Rad8 17. Rad1 Rfe8 18. Qf3 Bd5 19. Qg3
Be4 20. Bxe4 Nxe4 21. Rxd8 Rxd8 22. Qf4 Nf6 23. h3 h6 24. Qc4 Rd5 25. Ng4
Nxg4 26. Re8+ Kh7 27. Qxg4 Qd6 28. Qe4+ g6 29. g3 Rf5 30. Qe7 Qd1+ 31. Qe1
Rd5 32. Qxd1 Rxd1+ 33. Kg2 Rd7 34. Ra8 a6 35. Rb8 c6 36. b4 Kg7 37. a4 Kf6
38. Kf3 Ke5 39. Ke3 Kd5 40. Kd3 c5 {White forfeits on time} 0-1

[Event "ICC tourney 1921 (15 5)"]
[Site "Internet Chess Club"]
[Date "2020.07.17"]
[Round "1"]
[White "tcrgm"]
[Black "Ajitesh20091"]
[Result "1-0"]
[ICCResult "Black checkmated"]
[WhiteElo "1560"]
[BlackElo "1441"]
[Opening "Giuoco Piano"]
[ECO "C54"]
[NIC "IG.02"]
[Time "12:08:29"]
[TimeControl "900+5"]

1. e4 e5 2. Nf3 Nc6 3. Bc4 Bc5 4. c3 Nf6 5. d4 exd4 6. cxd4 Bb4+ 7. Bd2
Bxd2+ 8. Nbxd2 d5 9. exd5 Nxd5 10. O-O O-O 11. Re1 Nb6 12. Re4 Nxc4 13. Nxc4
Qd5 14. Rh4 g5 15. Ne3 Qd8 16. Rh5 f6 17. Qd3 Qe7 18. Qb3+ Qf7 19. Qxf7+
Rxf7 20. Rd1 Kg7 21. d5 Ne7 22. d6 Nc6 23. g4 Kg6 24. h3 Nd8 25. dxc7 Nc6
26. Rd6 h6 27. Nd5 Ne7 28. Ne5+ Kg7 29. Nxf7 Nxd5 30. Rxd5 Kxf7 31. Rxh6 Be6
32. Rd8 Rc8 33. Rh7+ Kg6 34. Re7 Rxc7 35. Rxc7 Bxa2 36. Rg8+ Bxg8 37. Rxb7
a6 38. Rb6 Bc4 39. Kh2 Bb5 40. Kg3 Kf7 41. f4 Kg7 42. b4 Kf7 43. fxg5 fxg5
44. h4 gxh4+ 45. Kxh4 Kg7 46. Kg5 Bc4 47. Rb7+ Bf7 48. Kf5 Kg8 49. Rxf7 Kxf7
50. g5 Kg7 51. g6 Kg8 52. Kf6 Kf8 53. g7+ Kg8 54. Kg6 a5 55. b5 a4 56. b6 a3
57. b7 a2 58. b8=Q# {Black checkmated} 1-0

[Event "ICC tourney 1921 (15 5)"]
[Site "Internet Chess Club"]
[Date "2020.07.17"]
[Round "1"]
[White "mancogu"]
[Black "andrewjiang2"]
[Result "0-1"]
[ICCResult "White checkmated"]
[WhiteElo "1258"]
[BlackElo "1311"]
[Opening "Ruy Lopez: exchange, Gligoric variation"]
[ECO "C69"]
[NIC "RL.08"]
[Time "12:08:08"]
[TimeControl "900+5"]

1. e4 e5 2. Nf3 Nc6 3. Bb5 a6 4. Bxc6 dxc6 5. O-O f6 6. Nc3 Bd6 7. d4 exd4
8. Nxd4 Ne7 9. Be3 O-O 10. Qd2 Ng6 11. f4 c5 12. Nde2 Kh8 13. Kh1 b6 14.
Rad1 Bb7 15. Ng3 Qe8 16. Nd5 Rd8 17. Qf2 Ne7 18. c4 Nxd5 19. cxd5 c6 20.
dxc6 Bxc6 21. Qc2 Qg6 22. Rfe1 Rfe8 23. Bc1 h5 24. f5 Qg4 25. Qe2 Bxg3 26.
Qxg4 hxg4 27. hxg3 Rxd1 28. Rxd1 Bxe4 29. Rd6 Bxf5 30. Bf4 Re1+ 31. Kh2 Re2
32. Rxb6 Be4 33. Rxa6 Rxg2+ 34. Kh1 Rxg3+ 35. Kh2 Rg2+ 36. Kh1 Rf2+ 37. Kg1
Rxf4 38. Ra4 f5 39. Kh2 Rf2+ 40. Kg3 Rxb2 41. Rc4 g5 42. Rxc5 Rg2#
{White checkmated}
0-1

[Event "ICC tourney 1921 (15 5)"]
[Site "Internet Chess Club"]
[Date "2020.07.17"]
[Round "1"]
[White "soggydollar"]
[Black "ickyquarter"]
[Result "0-1"]
[ICCResult "White forfeits on time"]
[WhiteElo "1379"]
[BlackElo "1505"]
[Opening "Sicilian: dragon, Yugoslav attack, 9...Bd7"]
[ECO "B77"]
[NIC "SI.18"]
[Time "12:08:14"]
[TimeControl "900+5"]

1. e4 c5 2. Nf3 d6 3. d4 cxd4 4. Nxd4 Nf6 5. Nc3 g6 6. Bc4 Bg7 7. Be3 O-O 8.
f3 Nc6 9. Qd2 Bd7 10. g4 Rc8 11. Bb3 Ne5 12. O-O-O b5 13. h4 b4 14. Nce2 a5
15. Bd5 Qc7 16. g5 Nh5 17. f4 Ng4 18. c3 Nxe3 19. Qxe3 bxc3 20. Nxc3 a4 21.
Rd3 a3 22. b3 Nxf4 23. Qxf4 Bxd4 24. Bc4 Be5 25. Qf2 Be6 26. Nd5 Qb7 27. h5
Bxd5 28. exd5 Rxc4+ 29. bxc4 Bf4+ 30. Qxf4 Qb2+ 31. Kd1 Qb1+ 32. Ke2 Qxh1
33. h6 Rb8 {White forfeits on time} 0-1